 Dungeon Crawl Stone Soup version 0.29.1-2-gbd0b4ee654 (webtiles) character file.

Game seed: 10360243016801734844

7971 nshep25 the Severer (level 11, -2/94 HPs)
             Began as a Minotaur Fighter on Oct 24, 2022.
             Was an Initiate of Gozag.
             Slain by a nine-headed hydra (11 damage)
             ... on level 9 of the Dungeon.
             The game lasted 00:25:08 (9871 turns).

nshep25 the Severer (Minotaur Fighter)              Turns: 9871, Time: 00:25:09

Health: -2/94      AC: 20    Str: 25    XL:     11   Next: 3%
Magic:  10/10      EV: 10    Int:  5    God:    Gozag
Gold:   1299       SH:  7    Dex: 16    Spells: 10/10 levels left

rFire   + . .      SeeInvis .   a - +1 war axe
rCold   + . .      Faith    .   A - +1 buckler {AC+3}
rNeg    . . .      Spirit   .   g - +1 chain mail
rPois   +          Reflect  .   (helmet restricted)
rElec   +          Harm     .   k - +1 cloak {Stlth+}
rCorr   +          Rampage  .   w - +0 pair of gloves
Will    .....                   y - +0 pair of boots
Stlth   ..........              v - amulet of the acrobat
HPRegen 0.25/turn               r - +6 ring of dexterity
MPRegen 0.12/turn               G - ring of flight

@: mighty, resistant, gold aura, flying
A: horns 2, retaliatory headbutt
a: Renounce Religion, Potion Petition, Call Merchant, Bribe Branch


You were on level 9 of the Dungeon.
You worshipped Gozag.
Gozag was most pleased with you.
You visited 2 branches of the dungeon, and saw 10 of its levels.

You collected 2101 gold pieces.
You spent 323 gold pieces at shops.
You paid 479 gold pieces to Gozag.

Inventory:

Hand Weapons
 a - a +1 war axe (weapon)
Missiles
 F - a throwing net (quivered)
Armour
 b - a +0 scale mail
 c - a +0 buckler
 g - a +1 chain mail (worn)
 k - a +1 cloak of stealth (worn)
 w - a +0 pair of gloves (worn)
 y - a +0 pair of boots (worn)
 A - a +1 buckler of protection (worn)
Jewellery
 p - a ring of protection from cold
 r - a +6 ring of dexterity (left hand)
 v - an amulet of the acrobat (around neck)
 x - a ring of magical power
 D - a ring of positive energy
 G - a ring of flight (right hand)
 H - a +6 ring of intelligence
 J - a ring of protection from fire
Wands
 h - a wand of roots (10)
 z - a wand of polymorph (11)
 B - a wand of acid (10)
Scrolls
 i - 2 scrolls of identify
 l - a scroll of amnesia
 m - 7 scrolls of enchant weapon
 t - 8 scrolls of teleportation
 u - 2 scrolls of blinking
 C - a scroll of magic mapping
 E - 2 scrolls of enchant armour
 I - a scroll of vulnerability {unknown}
Potions
 d - a potion of might
 e - a potion of flight
 f - 2 potions of cancellation
 j - 7 potions of curing
 o - 2 potions of ambrosia
 q - a potion of heal wounds
 s - 3 potions of mutation
 K - 2 potions of haste


   Skills:
 + Level 8.1 Fighting
 * Level 15.6 Axes
 + Level 9.1 Armour
 + Level 3.4 Dodging
 + Level 1.0 Stealth
 + Level 6.4 Shields


You had 10 spell levels left.
You didn't know any spells.
Your spell library contained the following spells:

 Spells                   Type           Power      Damage    Failure   Level
 Ensorcelled Hibernation  Hex/Ice        0%         N/A       99%         2
 Spider Form              Tmut/Pois      0%         N/A       100%        3
 Airstrike                Air            0%         2d(0-16)  100%        4
 Anguish                  Hex/Necr       0%         N/A       100%        4
 Summon Lightning Spire   Summ/Air       0%         N/A       100%        4
 Lightning Bolt           Conj/Air       0%         1d11      100%        5
 Enfeeble                 Hex            0%         N/A       100%        7


Dungeon Overview and Level Annotations

Branches:
Dungeon (9/15)             Temple (1/1) D:6
   Lair: D:8-11         Orc: D:9-12

Altars:
Ashenzari
Cheibriados
Dithmenos
Elyvilon
Fedhas
Gozag
Hepliaklqana
Kikubaaqudgha
Nemelex Xobeh
Okawaru
Qazlal
Ru
Sif Muna
Trog
Uskayaw
Vehumet
Xom
Yredelemnul
Zin

Shops:
D:3 (*:[?


Innate Abilities, Weirdness & Mutations

You have a pair of horns on your head.
You reflexively headbutt those who attack you in melee.


Message History

The nine-headed hydra bites you!
* * * LOW HITPOINT WARNING * * *
The nine-headed hydra barely misses you.
You block the nine-headed hydra's attack.
The nine-headed hydra bites you but does no damage.
You feel much better. The nine-headed hydra bites you.
The nine-headed hydra bites you but does no damage.
The nine-headed hydra barely misses you.
The nine-headed hydra bites you but does no damage. x2
The nine-headed hydra bites you!
* * * LOW HITPOINT WARNING * * *
The nine-headed hydra misses you.
The nine-headed hydra bites you but does no damage.
The nine-headed hydra closely misses you.
You feel much better. The nine-headed hydra bites you!
* * * LOW HITPOINT WARNING * * *
The nine-headed hydra bites you but does no damage. x2
You block the nine-headed hydra's attack.
The nine-headed hydra bites you but does no damage.
The nine-headed hydra closely misses you.
The nine-headed hydra barely misses you.
The nine-headed hydra bites you.
* * * LOW HITPOINT WARNING * * *
You block the nine-headed hydra's attack. [a] - 294 gold - resistance and might [b] - 560 gold - haste and resistance [c] - 184 gold - might and brilliance Purchase which effect?
You feel protected.
You feel very mighty all of a sudden. The nine-headed hydra bites you.
* * * LOW HITPOINT WARNING * * *
The nine-headed hydra bites you but does no damage.
You block the nine-headed hydra's attack.
The nine-headed hydra bites you.
* * * LOW HITPOINT WARNING * * *
The nine-headed hydra bites you!
* * * LOW HITPOINT WARNING * * *
The nine-headed hydra bites you!
You die...
Your body crumbles into a pile of gold.

##############
..............
#....#..###.
#..##.......###.
....[...........
##########.....####
#.#..#..#..#.###.#
#.#.@'..'..#.###.#
#.##D####'##.....#
#.#.c# #..#.#####
#.#..+ #..#.#
#.#######'##.#
#.#..'..'..#.#
#.'..#..#..#.#######
#.##########........
#...................


You could see a nine-headed hydra and a centaur warrior.

Vanquished Creatures
  2 two-headed ogres
  Pikel (D:8)
  An ugly thing (D:9)
  2 manticores (D:9)
  Psyche (D:8)
  2 hornets
  Prince Ribbit (D:7)
  9 yaks
  A shadow (D:9)
  Menkaure (D:5)
  An acid dragon (D:8)
  Edmund (D:5)
  3 water moccasins
  3 ice beasts
  2 centaurs (D:8)
  5 ogres
  3 phantoms
  A kobold brigand (D:6)
  2 necrophages
  A scorpion (D:7)
  A gnoll sergeant (D:8)
  3 howler monkeys (D:8)
  3 jellies
  4 hounds
  A gnoll bouda (D:4)
  An orc priest (D:6)
  Ijyb (D:5)
  7 iguanas
  2 orc wizards
  8 gnolls
  9 adders
  2 shadow imps
  A white imp (D:8)
  2 ufetubi
  3 dart slugs
  7 orcs
  6 endoplasms
  A giant cockroach (D:1)
  13 goblins
  3 hobgoblins
  7 kobolds
  2 quokkas
  3 ball pythons
  3 bats
  7 rats
143 creatures vanquished.

Vanquished Creatures (others)
  A shadow imp (D:8)
  9 plants (D:3)
10 creatures vanquished.

Grand Total: 153 creatures vanquished

Notes
Turn   | Place    | Note
-------+----------+-------------------------------------------
     0 | D:1      | nshep25 the Minotaur Fighter began the quest for the Orb.
     0 | D:1      | Reached XP level 1. HP: 19/19 MP: 0/0
   323 | D:1      | Reached XP level 2. HP: 21/27 MP: 1/1
   736 | D:1      | You fall into a shaft and drop 1 floor!
   796 | D:2      | Reached XP level 3. HP: 27/33 MP: 2/2
  1390 | D:2      | Reached skill level 3 in Axes
  1732 | D:3      | Found a faded altar of an unknown god.
  1923 | D:3      | Found Aphaepli's General Store.
  1930 | D:3      | Bought a potion of heal wounds for 50 gold pieces
  1930 | D:3      | Bought a scroll of identify for 20 gold pieces
  1930 | D:3      | Found Exifelal's Book Emporium.
  1951 | D:3      | Found an ancient bone altar of Kikubaaqudgha.
  2026 | D:3      | Found Ajaic's Magic Scroll Shoppe.
  2046 | D:3      | Bought a scroll of identify for 22 gold pieces
  2046 | D:3      | Bought a scroll of teleportation for 33 gold pieces
  2388 | D:3      | Found Ycothraoz's Armour Shoppe.
  2492 | D:3      | Found Ofodari's Weapon Boutique.
  2493 | D:3      | Noticed a phantom
  2503 | D:3      | Killed a phantom
  2504 | D:3      | Reached skill level 4 in Axes
  2504 | D:3      | Reached XP level 4. HP: 35/41 MP: 3/3
  2504 | D:3      | Reached XP level 5. HP: 40/47 MP: 4/4
  2810 | D:4      | Reached skill level 5 in Axes
  2906 | D:4      | Reached skill level 6 in Axes
  2906 | D:4      | Reached XP level 6. HP: 10/53 MP: 5/5
  3363 | D:4      | Reached skill level 7 in Axes
  3363 | D:4      | Reached skill level 5 in Armour
  4135 | D:5      | Entered Level 5 of the Dungeon
  4249 | D:5      | Noticed Edmund
  4261 | D:5      | Killed Edmund
  4262 | D:5      | Reached XP level 7. HP: 37/60 MP: 0/6
  4268 | D:5      | Reached skill level 1 in Dodging
  4517 | D:5      | Noticed Menkaure
  4523 | D:5      | Reached skill level 8 in Axes
  4526 | D:5      | Killed Menkaure
  4527 | D:5      | Reached skill level 5 in Fighting
  5199 | D:5      | Reached XP level 8. HP: 64/68 MP: 7/7
  5476 | D:5      | Noticed Ijyb
  5484 | D:5      | Killed Ijyb
  5602 | D:3      | Bought a +1 buckler of protection for 198 gold pieces
  5747 | D:6      | Found a large runed translucent door.
  5749 | D:6      | Found a large runed translucent door.
  5755 | D:6      | Found a shimmering altar of Xom.
  5785 | D:6      | Identified the +2 dagger of Duty {chaos, Fly rF+}
  5820 | D:6      | Reached skill level 9 in Axes
  5962 | D:6      | Reached skill level 10 in Axes
  6287 | D:6      | Found a staircase to the Ecumenical Temple.
  6296 | Temple   | Entered the Ecumenical Temple
  6890 | D:6      | Found a basalt altar of Yredelemnul.
  7127 | D:7      | Noticed Prince Ribbit
  7139 | D:7      | Killed Prince Ribbit
  7140 | D:7      | Reached skill level 11 in Axes
  7140 | D:7      | Reached skill level 5 in Shields
  7152 | D:8      | Noticed Psyche
  7171 | D:8      | Killed Psyche
  7172 | D:8      | Reached XP level 9. HP: 75/75 MP: 8/8
  7202 | D:8      | Reached skill level 12 in Axes
  7222 | D:8      | Reached skill level 1 in Stealth
  7274 | D:8      | Reached skill level 13 in Axes
  7621 | D:8      | Noticed a two-headed ogre
  7635 | D:8      | Killed a two-headed ogre
  7636 | D:8      | Reached XP level 10. HP: 23/84 MP: 9/9
  7684 | D:8      | Noticed Pikel
  7695 | D:8      | Killed Pikel
  7696 | D:8      | Reached skill level 14 in Axes
  7964 | D:8      | Found a shimmering altar of Xom.
  8181 | Temple   | Became a worshipper of Gozag Ym Sagoz the Greedy
  8285 | D:6      | Identified a scroll of acquirement
  8288 | D:6      | Acquired 1204 gold pieces
  8698 | D:7      | Found a broken altar of Ashenzari.
  9374 | D:9      | Noticed a two-headed ogre
  9388 | D:9      | Killed a two-headed ogre
  9389 | D:9      | Reached skill level 15 in Axes
  9672 | D:9      | Found a runed translucent door.
  9672 | D:9      | Noticed a cyan ugly thing
  9680 | D:9      | Killed a cyan ugly thing
  9837 | D:9      | Noticed a manticore
  9844 | D:9      | Killed a manticore
  9851 | D:9      | Noticed a manticore
  9856 | D:9      | Killed a manticore
  9857 | D:9      | Reached XP level 11. HP: 79/94 MP: 10/10
  9859 | D:9      | Noticed a four-headed hydra
  9859 | D:9      | Noticed a centaur warrior
  9871 | D:9      | Slain by a nine-headed hydra

Illustrated notes

Levels and vault maps discovered:
D:1:      ebering_trefoil_3fold, layout_basic
D:2:      layout_basic
D:3:      layout_loops_ring, mainiacjoe_overflow_chevrons, serial_shops,
          shop_fountains, shop_coins, nicolae_diamond_shop,
          nicolae_lakefront_shop, nicolae_shop_bloodbath_and_beyond,
          dreamdust_ecumenical_altar_hidden_monk_grotto,
          kennysheep_generic_room_9
D:4:      layout_basic
D:5:      layout_basic, hangedman_decor_push, minmay_misc_feat_cross,
          chequers_avenue, uniq_edmund, uniq_menkaure, uniq_ijyb
D:6:      due_chaos_kobolds, layout_basic, nicolae_overflow_hidden_temple,
          minmay_temple_entry_sparse_star, minmay_fractal_squares_diagonal_5
D:7:      layout_rooms, old_standard_altar, serial_corexii_hall,
          corexii_hall_statues_i, corexii_hall_statues_l,
          chequers_hall_statues_wall_a, corexii_hall_statues_s, enter_bailey_5,
          minmay_holes, grunt_ministairs_10, uniq_prince_ribbit1
D:8:      layout_rooms, tgw_xom, minmay_strange_pillars,
          nicolae_concentric_dashed_squares_wild, uniq_pikel, uniq_psyche
D:9:      layout_stronghold, minivault_13
Temple:   regret_index_temple_waves

Skill      XL: |  1  2  3  4  5  6  7  8  9 10 |
---------------+-------------------------------+-----
Fighting       | 4 5 6 8 |  8.1
Shields        | 4 5 6 |  6.4
Armour         | 4 5 6 7 9 |  9.1
Axes           | 4 6 7 8 11 13 15 | 15.6
Dodging        | 1 2 3 |  3.4
Stealth        | 1 |  1.0

Action                   |  1- 3 |  4- 6 |  7- 9 | 10-12 || total
-------------------------+-------+-------+-------+-------++-------
Melee: War axe           |    87 |    90 |   151 |   132 ||   460
       Headbutt          |    11 |    11 |    19 |    40 ||    81
Invok: Potion Petition   |       |       |       |     1 ||     1
  Use: Scroll            |    10 |       |       |     7 ||    17
       Potion            |       |       |     1 |     3 ||     4
Armor: Chain mail        |    54 |    76 |    83 |    65 ||   278
       Scale mail        |     1 |       |       |       ||     1
       Skin              |       |       |    22 |       ||    22
Dodge: Dodged            |    37 |    33 |    61 |    68 ||   199
Block: Buckler           |    20 |    21 |    42 |    41 ||   124
